 Dungeon Crawl Stone Soup version 0.21.1-1-g345015f (webtiles) character file.

77 lysyklops the Conjurer (level 4, -5/34 HPs)
             Began as a Draconian Conjurer on July 25, 2018.
             Slain by a worm (7 damage)
             ... on level 3 of the Dungeon.
             The game lasted 00:05:32 (2219 turns).

lysyklops the Conjurer (Draconian Conjurer)         Turns: 2219, Time: 00:05:32

Health: -5/34      AC:  5    Str: 10    XL:     4   Next: 13%
Magic:  6/8        EV: 12    Int: 16    God:
Gold:   68         SH:  0    Dex: 12    Spells: 7/8 levels left

rFire    . . .     SeeInvis .   k - +0 short sword
rCold    . . .     Gourm    .   (no shield)
rNeg     . . .     Faith    .   (armour unavailable)
rPois    .         Spirit   .   (helmet restricted)
rElec    .         Reflect  .   (no cloak)
rCorr    .         Harm     .   (no gloves)
MR       .....                  (no boots)
Stlth    ++........             (no amulet)
HPRegen  0.11/turn              (no ring)
MPRegen  0.11/turn              (no ring)

@: no status effects
A: unfitting armour, cold-blooded, AC +5
a: no special abilities


You were on level 3 of the Dungeon.
You were very hungry.

You visited 1 branch of the dungeon, and saw 3 of its levels.

You collected 68 gold pieces.

Inventory:

Hand Weapons
 f - a +0 club
 k - a +0 short sword (weapon)
Jewellery
 m - an uncursed amulet of the gourmand {unknown}
Wands
 j - a wand of iceblast (8)
Scrolls
 c - 3 scrolls of remove curse {unknown}
 d - a scroll of identify {unknown}
 e - a scroll of random uselessness {unknown}
 g - a scroll of fog {unknown}
 i - 2 scrolls of teleportation {unknown}
 n - a scroll of blinking {unknown}
Potions
 h - a potion of curing {unknown}
 l - a potion of degeneration {unknown}
Books
 a - a book of Conjurations

   Spells                             Type                      Level
   a - Magic Dart                     Conjuration                  1
   b - Searing Ray                    Conjuration                  2
   c - Dazzling Spray                 Conjuration/Hexes            3
   d - Fulminant Prism                Conjuration/Hexes            4
   e - Force Lance                    Conjuration/Translocation    4
   f - Iskenderun's Mystic Blast      Conjuration                  4
Comestibles
 b - 10 rations


   Skills:
 + Level 0.5 Fighting
 + Level 0.0 Short Blades
 - Level 0.2 Maces & Flails
 + Level 2.0 Dodging
 - Level 1.9 Stealth
 + Level 2.7 Spellcasting
 + Level 5.0 Conjurations


You had 7 spell levels left.
You knew the following spells:

 Your Spells              Type           Power        Failure   Level  Hunger
a - Magic Dart            Conj           ###.         2%          1    #......


Dungeon Overview and Level Annotations

Branches:
Dungeon (3/15)

Altars:

Annotations:
D:3 Sigmund


Innate Abilities, Weirdness & Mutations

Your plain brown scales are hard. (AC +5)
You cannot fit into any form of body armour.
You are cold-blooded and may be slowed by cold attacks.


Message History

The puff of flame hits you!
You hit the worm.
The worm is lightly wounded.
Something barely misses you. The worm closely misses you.
You hit the worm but do no damage. You tail-slap the worm.
The worm is moderately wounded.
You hit the worm.
The worm is heavily wounded.
Something hits you! The worm closely misses you.
You hit the worm but do no damage.
The worm is heavily wounded.
Something hits you but does no damage.
You hit the worm but do no damage. You tail-slap the worm.
The worm is heavily wounded.
The worm bites you! Something hits you!
* * * LOW HITPOINT WARNING * * *
You hit the worm.
The worm is heavily wounded.
The worm bites you!
You die...

#######
#......#################
.......{@w............>#
#.####.###############.#
... #### #.# .....
+..######.# ..#.###
#.......#.## # #.
#..###.....# #
#..........#
#.<<...#...#
#....#####...#


You could see a worm.

Vanquished Creatures
  2 adders (D:2)
  A worm (D:2)
  A dart slug (D:1)
  3 ball pythons
  2 giant cockroaches
  8 goblins
  6 hobgoblins
  4 jackals
  2 kobolds
  A quokka (D:2)
  13 bats
  4 frilled lizards (D:2)
  3 rats
50 creatures vanquished.

Notes
Turn   | Place    | Note
-------+----------+-------------------------------------------
     0 | D:1      | lysyklops the Draconian Conjurer began the quest for the Orb.
     0 | D:1      | Reached XP level 1. HP: 14/14 MP: 3/3
   239 | D:1      | Reached XP level 2. HP: 20/20 MP: 1/5
  1175 | D:2      | Reached XP level 3. HP: 24/26 MP: 0/6
  1881 | D:2      | Reached skill level 5 in Conjurations
  1922 | D:2      | Reached XP level 4. HP: 34/34 MP: 0/8
  2205 | D:3      | Noticed Sigmund
  2219 | D:3      | Slain by a worm

Skill      XL: |  1  2  3  4 |
---------------+-------------+-----
Conjurations   | 5 |  5.0
Dodging        | 2 |  2.0
Fighting       | |  0.5
Maces & Flails | |  0.2
Stealth        | |  1.9
Spellcasting   | |  2.7

Action                   |  1- 3 |  4- 6 || total
-------------------------+-------+-------++-------
Melee: Club              |    22 |       ||    22
       Tailslap          |     4 |     2 ||     6
       Short sword       |       |     8 ||     8
 Cast: Magic Dart        |    95 |     5 ||   100
  Eat: Chunk             |     4 |       ||     4
Armor: Skin              |    14 |     1 ||    15
Dodge: Dodged            |    16 |     5 ||    21
